 Dungeon Crawl Stone Soup version 0.20-a0-1015-g2ec8a95 (webtiles) character file.

1186 Monsterracer the Destroyer (level 8, -11/44 HPs)
             Began as a Tengu Conjurer on Apr 15, 2017.
             Was an Initiate of Vehumet.
             Mangled by an orc warrior
             ... wielding a cursed +0 long sword
              (16 damage)
             ... on level 5 of the Dungeon.
             The game lasted 00:20:56 (7332 turns).

Monsterracer the Destroyer (Tengu Conjurer)         Turns: 7332, Time: 00:20:57

Health: -11/44     AC:  4    Str:  9    XL:     8   Next: 42%
Magic:  8/13       EV: 14    Int: 18    God:    Vehumet [......]
Gold:   279        SH:  0    Dex: 14    Spells: 2/12 levels left

rFire    . . .     SeeInvis .   d - +2 mace (protect)
rCold    . . .     Gourm    .   (no shield)
rNeg     . . .     Faith    .   a - +0 robe
rPois    .         Spirit   .   (helmet restricted)
rElec    .         Reflect  .   j - +0 cloak
rCorr    +         Harm     .   l - +0 pair of gloves
MR       +....     Rnd*Tele +   (boots unavailable)
Stlth    ++........             (no amulet)
Regen    0.2/turn               g - ring of resist corrosion
MPRegen  0.2/turn               (no ring)

@: no status effects
A: beak, talons 3, magic resistance 1, teleportitis 1, able to fly 1
a: Fly, Renounce Religion


You were on level 5 of the Dungeon.
You worshipped Vehumet.
Vehumet was noncommittal.
You were hungry.

You visited 2 branches of the dungeon, and saw 7 of its levels.

You collected 279 gold pieces.

Inventory:

Hand Weapons
 d - a +2 mace of protection (weapon)
Armour
 a - a +0 robe (worn)
 j - a +0 cloak (worn)
 l - a +0 pair of gloves (worn)
Jewellery
 g - a ring of resist corrosion (left hand)
Scrolls
 k - a scroll of recharging
 n - a scroll of enchant armour {unknown}
 o - 2 scrolls of amnesia
 r - a scroll of random uselessness {unknown}
Potions
 e - a potion of flight
 h - 2 potions of curing
 p - a potion of heal wounds
 q - a potion of resistance
Books
 b - a book of Conjurations

   Spells                             Type                      Level
   a - Magic Dart                     Conjuration                  1
   b - Searing Ray                    Conjuration                  2
   c - Dazzling Spray                 Conjuration/Hexes            3
   d - Fulminant Prism                Conjuration/Hexes            4
   e - Force Lance                    Conjuration/Translocation    4
   f - Iskenderun's Mystic Blast      Conjuration                  4
Comestibles
 c - 6 bread rations
 f - 2 meat rations
 i - a royal jelly
 m - a fruit


   Skills:
 + Level 2.2 Fighting
 * Level 6.3 Maces & Flails
 + Level 3.7 Dodging
 - Level 2.0 Stealth
 + Level 2.7 Spellcasting
 * Level 9.8 Conjurations


You had 2 spell levels left.
You knew the following spells:

 Your Spells              Type           Power        Failure   Level  Hunger
a - Magic Dart            Conj           ####         1%          1    None
b - Searing Ray           Conj           #####.       1%          2    ##.....
c - Fulminant Prism       Conj/Hex       ###.......   24%         4    ####...
d - Dazzling Spray        Conj/Hex       ###...       10%         3    ###....


Dungeon Overview and Level Annotations

Branches:
Dungeon (6/15)             Temple (1/1) D:5

Altars:
Ashenzari
Cheibriados
Dithmenos
Elyvilon
Fedhas
Gozag
Hepliaklqana
Kikubaaqudgha
Makhleb
Nemelex Xobeh
Okawaru
Qazlal
Ru
Sif Muna
Trog
Uskayaw
Vehumet
Wu Jian
Xom
Zin
The Shining One

Shops:
D:6 (


Innate Abilities, Weirdness & Mutations

You have a beak for a mouth.
You have claws for feet.
You can fly.
You are resistant to hostile enchantments. (MR+)
You are occasionally teleported next to monsters.


Message History

Casting: Magic Dart
Confirm with . or Enter, or press ? or * to list all spells.
Aiming: Searing Ray
Press: ? - help, Shift-Dir - straight line, f - orc
Aim: an orc, wielding a dagger and wearing a chain mail The searing ray hits the orc.
The orc is moderately wounded. (Press . to maintain the ray.)
The orc hits you with a dagger.
The searing ray hits the orc.
You kill the orc!
Vehumet accepts your kill.
The searing ray misses the orc warrior.
The orc warrior hits you with a long sword!!
* * * LOW HITPOINT WARNING * * *
The searing ray hits the orc warrior.
The orc warrior is moderately wounded.
You finish channeling your searing ray.
The orc warrior hits you with a long sword!
You die...

#############
#.<.........#
#.#########.#
#################.##
#......
#..............((..#
##.###.#
#.###############).#
#...##.# #.#
####..###....... #.#
#######.##........##.#
#.#
#....@o>[........###.#
#.#
#.#####...............
###.### #.#
#....#########..
#.....# #.#
#....#########..
#.#.#.# #.#
#...............
#.#...# #.#
##...#####.#####.
#.###.# #.# #....# #.#
#. #.....# #.#
#....#####.# #.
#####.#
#.####..........# #.


You could see an orc warrior.

Vanquished Creatures
  2 sky beasts
  5 ogres
  A centaur (D:5)
  A jelly (D:5)
  An orc wizard (D:4)
  An orc priest (D:5)
  A hound (D:3)
  A centaur skeleton (D:4)
  An iguana (D:5)
  2 worker ants (D:5)
  A worker ant zombie (D:5)
  Robin (D:1)
  7 gnolls
  7 adders
  A shadow imp (D:5)
  An adder skeleton (D:4)
  2 worms
  7 leopard geckos
  15 orcs
  10 bats
  2 giant cockroaches
  20 goblins
  6 hobgoblins
  9 jackals
  2 quokkas
  2 frilled lizards
  8 kobolds
  A leopard gecko zombie (D:5)
  4 rats
122 creatures vanquished.

Vanquished Creatures (others)
  A fulminant prism (D:6)
  5 toadstools (D:1)
6 creatures vanquished.

Grand Total: 128 creatures vanquished

Notes
Turn   | Place    | Note
-------+----------+-------------------------------------------
     0 | D:1      | Monsterracer the Tengu Conjurer began the quest for the Orb.
     0 | D:1      | Reached XP level 1. HP: 10/10 MP: 4/4
   128 | D:1      | Reached XP level 2. HP: 15/15 MP: 1/6
   157 | D:1      | Reached skill level 6 in Conjurations
   219 | D:1      | Learned a level 2 spell: Searing Ray
   720 | D:2      | Reached XP level 3. HP: 19/19 MP: 5/7
   831 | D:2      | Noticed Robin
   982 | D:1      | Killed Robin
  1215 | D:2      | Found a bloodstained altar of Trog.
  1268 | D:2      | Reached skill level 7 in Conjurations
  1370 | D:2      | Reached XP level 4. HP: 24/24 MP: 6/8
  1417 | D:2      | Learned a level 4 spell: Fulminant Prism
  1456 | D:2      | Reached skill level 1 in Maces & Flails
  2533 | D:3      | Gained mutation: You can fly. [Tengu growth]
  2533 | D:3      | Reached XP level 5. HP: 27/28 MP: 3/9
  2965 | D:3      | Found a white marble altar of Elyvilon.
  3538 | D:3      | Reached XP level 6. HP: 25/32 MP: 2/10
  3739 | D:3      | Reached skill level 8 in Conjurations
  4172 | D:4      | Got a translucent hand axe
  4173 | D:4      | Identified the +6 hand axe of Fortitude {holy, MP-9 Str+2 Dex+5} (You found it on level 4 of the Dungeon)
  4299 | D:4      | Found an opulent altar of Gozag.
  4474 | D:4      | Gained mutation: You are occasionally teleported next to monsters. [potion of mutation]
  4474 | D:4      | Gained mutation: You are resistant to hostile enchantments. (MR+) [potion of mutation]
  4515 | D:4      | Reached skill level 5 in Maces & Flails
  4515 | D:4      | Reached XP level 7. HP: 18/37 MP: 6/11
  4730 | D:4      | Reached skill level 1 in Fighting
  4954 | D:4      | Learned a level 3 spell: Dazzling Spray
  5211 | D:5      | Entered Level 5 of the Dungeon
  5228 | D:5      | Learned a level 3 spell: Dazzling Spray
  5230 | D:5      | Reached skill level 9 in Conjurations
  5646 | D:5      | Found a staircase to the Ecumenical Temple.
  5655 | Temple   | Entered the Ecumenical Temple
  5878 | Temple   | Became a worshipper of Vehumet
  6302 | D:5      | Reached XP level 8. HP: 35/44 MP: 5/12
  7078 | D:6      | Found Jouqat's Antique Weapon Boutique.
  7332 | D:5      | Mangled by an orc warrior

Vault maps used:
D:1:      ldierk_walled_garden
D:2:      lemuel_coloured_pillars_altar, hangedman_feature_mirror,
          minmay_misc_feat_x, hangedman_abyss_or_decor_stabs, uniq_robin
D:3:      elyvilon_altar_3, first_bread, minmay_misc_feat_doors
D:4:      kennysheep_big_flooded_room, grunt_gozag_statues, minmay_fountain_box,
          solitary_fountain, wad_floor_pattern_untrapped, serial_bayou_pond_e
D:5:      minmay_temple_entry_poolview
D:6:      basic_altar, serial_shops, kennysheep_mini_moat,
          nicolae_shop_waterfront, nicolae_shop_stone, nrook_pool_corridor
Temple:   dpeg_five_rooms_temple

Skill      XL: |  1  2  3  4  5  6  7  8 |
---------------+-------------------------+-----
Conjurations   | 6 7 8 9 |  9.8
Maces & Flails | 2 3 5 6 |  6.3
Fighting       | 1 2 |  2.2
Dodging        | 3 |  3.7
Stealth        | |  2.0
Spellcasting   | |  2.7

Action                   |  1- 3 |  4- 6 |  7- 9 || total
-------------------------+-------+-------+-------++-------
Melee: Unarmed           |     1 |       |       ||     1
       Dagger            |     5 |       |       ||     5
       Mace              |     2 |    10 |     8 ||    20
       Kick              |       |     1 |       ||     1
       Peck              |       |     1 |       ||     1
 Cast: Magic Dart        |    50 |    91 |    25 ||   166
       Searing Ray       |     2 |    17 |    18 ||    37
       Dazzling Spray    |       |       |     3 ||     3
       Fulminant Prism   |       |       |     1 ||     1
  Use: Potion            |     2 |     6 |       ||     8
       Scroll            |     1 |     2 |     4 ||     7
 Stab: Invisible         |       |       |     2 ||     2
  Eat: Chunk             |     2 |    12 |    10 ||    24
       Fruit             |       |       |     1 ||     1
Armor: Robe              |     5 |     9 |    15 ||    29
Dodge: Dodged            |    15 |    32 |    34 ||    81
